 Dungeon Crawl Stone Soup version 0.23.2-30-g0e89c35649 (webtiles) character file.

Game seed: 11961808115782279376

46 Revguard the Slasher (level 3, 0/28 HPs)
             Began as a Human Gladiator on June 18, 2019.
             Was a Follower of Nemelex Xobeh.
             Slain by a bullfrog (7 damage)
             ... on level 2 of the Dungeon.
             The game lasted 00:03:17 (1367 turns).

Revguard the Slasher (Human Gladiator)              Turns: 1367, Time: 00:03:18

Health: 0/28       AC:  3    Str: 15    XL:     3   Next: 95%
Magic:  3/3        EV: 13    Int:  8    God:    Nemelex Xobeh [*.....]
Gold:   113        SH:  0    Dex: 14    Spells: 2/2 levels left

rFire    . . .     SeeInvis .   a - +0 long sword
rCold    + . .     Gourm    .   (no shield)
rNeg     . . .     Faith    .   b - +0 leather armour
rPois    .         Spirit   .   (helmet restricted)
rElec    .         Reflect  .   (no cloak)
rCorr    .         Harm     .   (no gloves)
MR       .....                  (no boots)
Stlth    +.........             (no amulet)
HPRegen  0.09/turn              (no ring)
MPRegen  0.08/turn              (no ring)

@: no status effects
A: horns 1, cold resistance 1
a: Draw Escape, Draw Destruction, Draw Summoning, Renounce Religion


You were on level 2 of the Dungeon.
You worshipped Nemelex Xobeh.
Nemelex Xobeh was aware of your devotion.
You were hungry.

You visited 1 branch of the dungeon, and saw 2 of its levels.

You collected 113 gold pieces.

Inventory:

Hand Weapons
 a - a +0 long sword (weapon)
Missiles
 d - 3 throwing nets (quivered)
Armour
 b - a +0 leather armour (worn)
 c - a +0 helmet
Jewellery
 n - an uncursed amulet of the gourmand {unknown}
Scrolls
 e - a scroll of fear {unknown}
 g - 2 scrolls of remove curse {unknown}
 h - a scroll of random uselessness {unknown}
 j - a scroll of magic mapping {unknown}
 k - 2 scrolls of identify {unknown}
 l - a scroll of teleportation {unknown}
Potions
 i - a potion of resistance
 m - a potion of curing
Comestibles
 f - 3 rations


   Skills:
 + Level 2.3 Fighting
 + Level 3.7 Long Blades
 - Level 2.0 Throwing
 + Level 0.9 Armour
 + Level 3.4 Dodging
 + Level 0.3 Stealth


You had 2 spell levels left.
You didn't know any spells.
Your spell library was empty.

Dungeon Overview and Level Annotations

Branches:
Dungeon (2/15)

Altars:
Nemelex Xobeh


Innate Abilities, Weirdness & Mutations

You have a pair of small horns on your head.
Your flesh is cold resistant. (rC+)


Message History

You draw a card...
You have drawn the Orb.
Press: ? - help, Shift-Dir - straight line, f - bullfrog
Aim: a bullfrog (misshapen and mutated)
The orb of energy hits the bullfrog!
The bullfrog is moderately wounded.
The bullfrog hits you but does no damage.
You closely miss the bullfrog.
The bullfrog is moderately wounded.
The bullfrog completely misses you.
You closely miss the bullfrog. You headbutt the bullfrog.
The bullfrog is severely wounded.
The bullfrog hits you.
* * * LOW HITPOINT WARNING * * *
The bullfrog barely misses you.
You barely miss the bullfrog. You headbutt the bullfrog.
The bullfrog is severely wounded.
The bullfrog barely misses you. The bullfrog hits you!
You die...
Your body disappears without a glow.

............ .....####.###
#.....
.....#......####..#.#
................(.#.#
.#####......## ##.#.#
.###.#......# #....# #
.##.........# #..#.###.#
............####..#..)..#
................@F.....#
####....#.#....##.#.####
#.#..#.#.##.##.#.#
####.##.#.#.##.##.#.#
................#.#.#######
#.#####.#.#####.#.#........
#.# #.)....##.....#######
#.#######.##.##.###.#
#.........##.##.....#


You could see a bullfrog.

Vanquished Creatures
  2 oozes (D:2)
  3 worms (D:2)
  3 giant cockroaches
  5 goblins
  3 hobgoblins
  2 jackals (D:1)
  A kobold (D:2)
  A ball python (D:2)
  2 bats (D:1)
  8 rats
30 creatures vanquished.

Notes
Turn   | Place    | Note
-------+----------+-------------------------------------------
     0 | D:1      | Revguard the Human Gladiator began the quest for the Orb.
     0 | D:1      | Reached XP level 1. HP: 16/16 MP: 1/1
   310 | D:1      | Reached XP level 2. HP: 22/22 MP: 2/2
   727 | D:2      | Reached XP level 3. HP: 26/27 MP: 3/3
   729 | D:2      | Gained mutation: You have a pair of small horns on your
                  | head. [potion of mutation]
   729 | D:2      | Gained mutation: Your flesh is cold resistant. (rC+)
                  | [potion of mutation]
   846 | D:2      | Found a faded altar of an unknown god.
   855 | D:2      | Found a sparkling altar of Nemelex Xobeh.
   857 | D:2      | Became a worshipper of Nemelex Xobeh the Trickster
   857 | D:2      | Received a gift from Nemelex Xobeh
   857 | D:2      | Received a gift from Nemelex Xobeh
   857 | D:2      | Reached * piety under Nemelex Xobeh
   900 | D:2      | Received a gift from Nemelex Xobeh
  1363 | D:2      | Noticed a bullfrog
  1363 | D:2      | a worm changed into a bullfrog
  1367 | D:2      | Slain by a bullfrog

Action                   || total
-------------------------++-------
Melee: Long sword        ||    88
       Headbutt          ||    13
 Abil: Draw Destruction  ||     3
  Use: Potion            ||     4
 Stab: Sleeping          ||     2
  Eat: Chunk             ||     1
Armor: Leather armour    ||    16
Dodge: Dodged            ||    72
       Rpst.: Long sword ||    21
